 Dungeon Crawl Stone Soup version 0.18.1-47-g9310371 (webtiles) character file.

310 SlowAndSteady the Conjurer (level 6, 0/49 HPs)
             Began as a Naga Conjurer on June 18, 2016.
             Slain by a hound skeleton (3 damage)
             ... on level 4 of the Dungeon.
             The game lasted 00:13:32 (4600 turns).

SlowAndSteady the Conjurer (Naga Conjurer)          Turns: 4600, Time: 00:13:33

Health: 0/49       AC:  4    Str: 10    XL:     6   Next: 41%
Magic:  5/12       EV: 10    Int: 17    God:
Gold:   181        SH:  0    Dex: 12    Spells: 4 memorised, 3 levels left

rFire  . . .     SeeInvis +     (no weapon)
rCold  . . .     Gourm    .     a - +1 robe
rNeg   . . .     Faith    .     (no shield)
rPois  +         Spirit   .     (no helmet)
rElec  .         Dismiss  .     (no cloak)
rCorr  .         Reflect  .     (no gloves)
SustAt .         Harm     .     (no barding)
MR     .....                    (no amulet)
Stlth  ++........               (no ring)
                                (no ring)

@: very slow, not resistant to hostile enchantments, unstealthy
A: see invisible, deformed body, poison resistance, slowness 2, slow metabolism
1, spit poison 2, AC +2
a: Spit Poison


You were on level 4 of the Dungeon.
You were not hungry.

You visited 1 branch of the dungeon, and saw 4 of its levels.

You collected 181 gold pieces.

Inventory:

Armour
 a - a +1 robe (worn)
Jewellery
 m - an uncursed amulet of dismissal
Wands
 q - a wand of lightning (9/15)
Scrolls
 i - 2 scrolls of blinking
 n - 2 scrolls of teleportation
 p - 3 scrolls of remove curse
Potions
 d - 2 potions of flight
 f - 2 potions of lignification {unknown}
 h - a potion of brilliance {unknown}
 j - a potion of agility {unknown}
 l - a potion of berserk rage {unknown}
Books
 b - a book of Conjurations

   Spells                             Type                      Level
   a - Magic Dart                     Conjuration                  1
   b - Searing Ray                    Conjuration                  2
   c - Dazzling Spray                 Conjuration/Hexes            3
   d - Fulminant Prism                Conjuration/Hexes            4
   e - Iskenderun's Mystic Blast      Conjuration                  4
   f - Iskenderun's Battlesphere      Conjuration/Charms           5
Comestibles
 c - 4 bread rations
 g - 2 meat rations


   Skills:
 - Level 1.5 Dodging
 - Level 3.0 Stealth
 + Level 4.3 Spellcasting
 - Level 6.1 Conjurations


You had 3 spell levels left.
You knew the following spells:

 Your Spells              Type           Power        Failure   Level  Hunger
a - Magic Dart            Conj           ###.         1%          1    None
b - Searing Ray           Conj           ###...       1%          2    ##.....
c - Dazzling Spray        Conj/Hex       ##....       14%         3    ###....
d - Fulminant Prism       Conj/Hex       ##........   45%         4    ####...


Dungeon Overview and Level Annotations

Branches:
Dungeon (4/15)
 Temple: D:4-7

Altars:
Dithmenos
Kikubaaqudgha
Sif Muna
Xom
Zin
The Shining One

Shops:
D:4 (

Annotations:
D:4 Menkaure


Innate Abilities, Weirdness & Mutations

You cannot wear boots.
Your serpentine skin is tough (AC +2).
You have supernaturally acute eyesight.
Armour fits poorly on your strangely shaped body.
Your system is resistant to poisons.
You cover ground very slowly.
You have a slow metabolism.
You can spit poison.


Message History

There is an entrance to a sewer on this level.
Hurry and find it before the portal rusts away!
Level annotation: Menkaure The hound skeleton bites you.
* * * LOW HITPOINT WARNING * * *
The crimson imp hits you but does no damage.
The hound skeleton bites you.
* * * LOW HITPOINT WARNING * * *
There is a stone staircase leading up here.
Read which item? (? for menu, Esc to quit)
As you read the scroll of teleportation, it crumbles to dust.
You feel strangely unstable. The crimson imp hits you.
* * * LOW HITPOINT WARNING * * *
The hound skeleton closely misses you.
Unknown command.
The crimson imp blinks!
The hound skeleton bites you but does no damage.
The crimson imp blinks!
Your surroundings seem slightly different.
The hound skeleton bites you.
You die...

#...........
####..........
######........?.5.
##...##.####...##.# .
#..........#...##.####..#
##
...?..####....<.........#
#.
....####..............[.#
#.
..####....#....Z........#
#. ###
......#.....@.......# #.
......############### #.
##.... ## ###..


You could see a crimson imp and a hound skeleton.

Vanquished Creatures
  A scorpion (D:4)
  A vampire bat (D:3)
  An orc wizard (D:3)
  A hound (D:4)
  An orc priest (D:3)
  4 adders
  A worm (D:3)
  A dart slug (D:1)
  3 giant geckos
  13 orcs (D:3)
  4 bat skeletons (D:3)
  A bat zombie (D:3)
  5 giant cockroaches
  11 hobgoblins
  2 kobolds
  2 ball pythons
  5 bats
  8 giant newts
  8 goblins
  10 rats
83 creatures vanquished.

Notes
Turn   | Place    | Note
--------------------------------------------------------------
     0 | D:1      | SlowAndSteady the Naga Conjurer began the quest for the Orb.
     0 | D:1      | Reached XP level 1. HP: 15/15 MP: 3/3
   246 | D:1      | Reached XP level 2. HP: 15/22 MP: 1/5
   457 | D:1      | Learned a level 2 spell: Searing Ray
  1168 | D:2      | Reached XP level 3. HP: 28/28 MP: 3/6
  1282 | D:2      | Reached skill level 5 in Conjurations
  1322 | D:2      | Learned a level 3 spell: Dazzling Spray
  1408 | D:2      | Found a deep blue altar of Sif Muna.
  1491 | D:2      | Found a shadowy altar of Dithmenos.
  1983 | D:2      | Reached XP level 4. HP: 36/36 MP: 2/7
  2212 | D:3      | Noticed an angel
  2213 | D:3      | Found a shimmering altar of Xom.
  2214 | D:3      | Found a glowing silver altar of Zin.
  2473 | D:3      | Found an ancient bone altar of Kikubaaqudgha.
  2480 | D:3      | Reached skill level 6 in Conjurations
  2714 | D:3      | Reached XP level 5. HP: 38/42 MP: 0/8
  4001 | D:3      | Learned a level 4 spell: Fulminant Prism
  4056 | D:4      | Found a glowing golden altar of the Shining One.
  4070 | D:4      | Reached XP level 6. HP: 49/49 MP: 5/11
  4128 | D:4      | Found Huloirchi's Antique Weapon Shop.
  4153 | D:4      | Noticed Menkaure
  4596 | D:4      | HP: 2/49 [crimson imp (3)]
  4600 | D:4      | Slain by a hound skeleton

Skill      XL: |  1  2  3  4  5  6 |
---------------+-------------------+-----
Conjurations   | 5 6 |  6.1
Spellcasting   | 3 4 |  4.3
Dodging        | |  1.5
Stealth        | |  3.0

Action                   |  1- 3 |  4- 6 || total
-------------------------+-------+-------++-------
Melee: Unarmed           |    10 |   103 ||   113
 Cast: Magic Dart        |    68 |    93 ||   161
       Searing Ray       |     1 |    15 ||    16
 Abil: Spit Poison       |       |     5 ||     5
  Use: Scroll            |       |    13 ||    13
  Eat: Chunk             |     3 |     8 ||    11
       Beef jerky        |       |     1 ||     1
Armor: Robe              |     4 |    84 ||    88
Dodge: Dodged            |     5 |   116 ||   121
